[Event "ICC tourney 3035 (30 10)"]
[Site "Internet Chess Club"]
[Date "2022.10.22"]
[Round "4"]
[White "Doan Giang, Nguyen Doan:Doctorstrange04"]
[Black "BRUDNO, STEPHEN:StevChess01"]
[Result "0-1"]
[ICCResult "White resigns"]
[WhiteElo "1763"]
[BlackElo "1557"]
[Opening "Sicilian: closed, 2...Nc6"]
[ECO "B23"]
[NIC "SI.44"]
[Time "18:00:16"]
[PlyCount "134"]
[TimeControl "1800+10"]

1. e4 c5 2. Nc3 Nc6 3. Bb5 Nd4 4. Nf3 a6 5. Bd3 g6 6. Nxd4 cxd4 7. Ne2 Bg7
8. O-O e6 9. c3 dxc3 10. dxc3 Ne7 11. a4 Nc6 12. Bf4 O-O 13. Bd6 Re8 14. f4
Ne7 15. Kh1 Qb6 16. Bc4 Qc6 17. Qd3 b6 18. Ng3 Bb7 19. Rf2 Nc8 20. Ba3 d5
21. exd5 exd5 22. Bb3 Nd6 23. f5 Nc4 24. fxg6 hxg6 25. Raf1 Ne3 26. Ra1 Ng4
27. Rd2 Rad8 28. Qf3 Ne5 29. Qf4 Nc4 30. Rf2 Qe6 31. Raf1 Nxa3 32. Qxf7+
Qxf7 33. Rxf7 Bc6 34. Rc7 Ba8 35. bxa3 Rf8 36. Rd1 Rc8 37. Ra7 Rxc3 38. Rb1
Bc6 39. Rc7 Kh8 40. Ne2 Rc5 41. a5 Be5 42. Re7 Bf6 43. Rc7 Be5 44. Re7 Bf6
45. Ra7 Rxa5 46. Nf4 Rg8 47. Bc2 Rg7 48. Nxg6+ Kg8 49. Rxg7+ Kxg7 50. Rxb6
Rc5 51. h4 Rxc2 52. Nf4 Be5 53. Nd3 Bd4 54. Rb4 Bf6 55. h5 Rc4 56. Rb6 Rc3
57. Nf4 Be5 58. Ne6+ Kf6 59. Rb1 Kxe6 60. h6 Bb5 61. h7 Rc8 62. g4 Rh8 63.
a4 Rxh7+ 64. Kg2 Bxa4 65. Rb6+ Bd6 66. Rxa6 Bd1 67. Ra7 Rxa7 {White resigns}
0-1

[Event "ICC tourney 3035 (30 10)"]
[Site "Internet Chess Club"]
[Date "2022.10.22"]
[Round "4"]
[White "PU, LANDON:landonp"]
[Black "GUTIERREZ, AUGUSTO E:elytito2017"]
[Result "0-1"]
[ICCResult "White checkmated"]
[WhiteElo "1604"]
[BlackElo "1737"]
[Opening "Sicilian: Sozin, Leonhardt variation"]
[ECO "B88"]
[NIC "SI.26"]
[Time "18:00:17"]
[PlyCount "56"]
[TimeControl "1800+10"]

1. e4 c5 2. Nf3 Nc6 3. d4 cxd4 4. Nxd4 Nf6 5. Nc3 d6 6. Bc4 e6 7. Bb3 a6 8.
O-O Be7 9. h3 O-O 10. Be3 Qc7 11. Qe2 b5 12. a3 Bd7 13. Rad1 Ne5 14. Rfe1
Nc4 15. Bxc4 bxc4 16. Bg5 Rab8 17. Rb1 Rfc8 18. e5 dxe5 19. Qxe5 Bd6 20. Qe2
Nd5 21. Ne4 Bf8 22. Qh5 Nf4 23. Qf3 Ng6 24. Be3 Bc6 25. Nxc6 Qxc6 26. Bd4
Nh4 27. Qh5 Be7 28. Ng5 Qxg2# {White checkmated} 0-1

[Event "ICC tourney 3035 (30 10)"]
[Site "Internet Chess Club"]
[Date "2022.10.22"]
[Round "4"]
[White "CHETLAPALLI, VISHNU:K01-30144870"]
[Black "HERREROS, STEPHEN:alekhine1031"]
[Result "1-0"]
[ICCResult "Black resigns"]
[WhiteElo "972"]
[BlackElo "1568"]
[Opening "Queen's pawn: English defense"]
[ECO "A40"]
[NIC "QO.17"]
[Time "18:00:16"]
[PlyCount "97"]
[TimeControl "1800+10"]

1. d4 b6 2. c4 Bb7 3. Nc3 e6 4. e4 d6 5. Nf3 Ne7 6. Bd3 g6 7. O-O Bg7 8. Re1
Nd7 9. Be3 a6 10. Qc2 h6 11. Rad1 c5 12. dxc5 Nxc5 13. b4 Nxd3 14. Rxd3 Qc7
15. Qb3 Bxc3 16. Qxc3 e5 17. Nd2 g5 18. c5 bxc5 19. bxc5 d5 20. exd5 Nxd5
21. Qc4 Qc6 22. Ne4 Rd8 23. Red1 f5 24. Rxd5 Rxd5 25. Rxd5 fxe4 26. Rxe5+
Kd8 27. Re6 Qb5 28. Qd4+ Kc7 29. Re7+ Kb8 30. Qxh8+ Bc8 31. Qe5+ Ka8 32.
Qxe4+ Kb8 33. c6 Ka8 34. c7+ Qb7 35. Qxb7+ Kxb7 36. Rh7 g4 37. Bxh6 a5 38.
Bd2 a4 39. h4 gxh3 40. gxh3 Be6 41. a3 Bf5 42. Rh4 Bd7 43. Bf4 Bc6 44. Rh8
Bd7 45. Rb8+ Ka7 46. c8=Q Bxc8 47. Rxc8 Kb7 48. Rc7+ Kb6 49. h4 {Black
resigns} 1-0

[Event "ICC tourney 3035 (30 10)"]
[Site "Internet Chess Club"]
[Date "2022.10.22"]
[Round "4"]
[White "JIMENEZ, LUIS A:eltuna"]
[Black "ANGELCHIK, JACOB:t105mm"]
[Result "1-0"]
[ICCResult "Black resigns"]
[WhiteElo "1447"]
[BlackElo "1268"]
[Opening "Sicilian"]
[ECO "B56"]
[NIC "SI.01"]
[Time "18:00:27"]
[PlyCount "127"]
[TimeControl "1800+10"]

1. e4 c5 2. Nf3 d6 3. d4 cxd4 4. Nxd4 Nf6 5. Nc3 Bd7 6. Rg1 g6 7. g4 e5 8.
Nb3 Qc8 9. Be2 Bc6 10. f3 Qd8 11. g5 Nh5 12. Be3 h6 13. h4 Nf4 14. Bxf4 exf4
15. Qd2 hxg5 16. hxg5 Rh4 17. O-O-O Be7 18. Rh1 Bxg5 19. Rxh4 Bxh4 20. Kb1
g5 21. Qxd6 Qxd6 22. Rxd6 Nd7 23. Na5 Ke7 24. Rd1 Nf6 25. Nxc6+ bxc6 26. Na4
Rg8 27. Nc5 Bf2 28. Nd3 Be3 29. Ne5 Rc8 30. Bc4 c5 31. Nxf7 Nxe4 32. fxe4 g4
33. Ne5 g3 34. Bf1 Kf6 35. Nf3 Re8 36. Rd6+ Kg7 37. e5 Rh8 38. Bg2 Re8 39.
c3 Kh7 40. Kc2 Rg8 41. e6 Kg6 42. e7+ Kf7 43. Rd7 Re8 44. Rxa7 Rxe7 45.
Rxe7+ Kxe7 46. Kd3 Kd6 47. c4 Ke6 48. Ke4 Bc1 49. b3 Kd6 50. Ne1 Kc7 51. Nd3
Be3 52. Nxf4 Bxf4 53. Kxf4 Kb6 54. Kxg3 Ka5 55. a3 Kb6 56. Kf4 Ka5 57. Ke5
Kb6 58. Kd6 Ka7 59. Kxc5 Kb8 60. Kb6 Kc8 61. a4 Kb8 62. a5 Kc8 63. a6 Kb8
64. a7+ {Black resigns} 1-0

[Event "ICC tourney 3035 (30 10)"]
[Site "Internet Chess Club"]
[Date "2022.10.22"]
[Round "5"]
[White "KUMBHARATHI, VEDANSH:vedansh98"]
[Black "Krishnan, Ashvath:ashvathk5"]
[Result "0-1"]
[ICCResult "White resigns"]
[WhiteElo "1051"]
[BlackElo "1399"]
[Opening "Two knights defense"]
[ECO "C59"]
[NIC "KP.01"]
[Time "20:00:12"]
[PlyCount "76"]
[TimeControl "1800+10"]

1. e4 e5 2. Nf3 Nc6 3. Bc4 Nf6 4. Ng5 d5 5. exd5 Na5 6. Bb5+ c6 7. dxc6 bxc6
8. Be2 h6 9. Nf3 e4 10. Ne5 Bc5 11. O-O O-O 12. c3 Bd6 13. Ng4 Nxg4 14. Bxg4
Qh4 15. h3 f5 16. Bh5 f4 17. Bg4 f3 18. Bxc8 Raxc8 19. d3 fxg2 20. Kxg2 Rf3
21. Qxf3 exf3+ 22. Kxf3 Qxh3+ 23. Ke2 Re8+ 24. Be3 Qg4+ 25. Kd2 Bf4 26. Re1
Bxe3+ 27. fxe3 Rf8 28. Re2 Rf1 29. b4 Nb7 30. a4 Qg1 31. Kc2 Rf2 32. Rxf2
Qxf2+ 33. Nd2 Qxe3 34. Rf1 Nd6 35. Rf3 Qe6 36. c4 Nf5 37. Rf4 Ne3+ 38. Kb3
Qd6 {White resigns} 0-1

[Event "ICC tourney 3035 (30 10)"]
[Site "Internet Chess Club"]
[Date "2022.10.22"]
[Round "5"]
[White "ANGELCHIK, JACOB:t105mm"]
[Black "PADIYAR, SUNMAY:sunmay12"]
[Result "0-1"]
[ICCResult "White checkmated"]
[WhiteElo "1268"]
[BlackElo "1408"]
[Opening "Queen's pawn game, Krause variation"]
[ECO "D02"]
[NIC "QP.08"]
[Time "20:00:22"]
[PlyCount "64"]
[TimeControl "1800+10"]

1. d4 d5 2. Nf3 c5 3. e3 Nc6 4. dxc5 e5 5. Bb5 Bg4 6. b4 e4 7. h3 exf3 8.
hxg4 fxg2 9. Rg1 Ne7 10. Rxg2 a6 11. Ba4 b5 12. cxb6 Qxb6 13. a3 a5 14. b5
Ne5 15. Nc3 Rd8 16. f4 Nc4 17. Qf3 g6 18. f5 Bg7 19. f6 Bxf6 20. Rf2 Bxc3+
21. Kf1 O-O 22. Rb1 Rd6 23. g5 Nf5 24. e4 Nfe3+ 25. Bxe3 Nxe3+ 26. Ke2 dxe4
27. Qxe3 Rd2+ 28. Qxd2 Bxd2 29. Rf6 Qe3+ 30. Kf1 Bc3 31. Rf2 Bd4 32. Re2
Qg1# {White checkmated} 0-1

[Event "ICC tourney 3035 (30 10)"]
[Site "Internet Chess Club"]
[Date "2022.10.22"]
[Round "5"]
[White "DHURJATI, ANAGHA:amdink"]
[Black "WUDALI, PRANAV AVYAI:Pwudali"]
[Result "1-0"]
[ICCResult "Black checkmated"]
[WhiteElo "1371"]
[BlackElo "847"]
[Opening "Sicilian defense"]
[ECO "B27"]
[NIC "SI.43"]
[Time "20:00:17"]
[PlyCount "83"]
[TimeControl "1800+10"]

1. e4 c5 2. Nf3 d5 3. exd5 Qxd5 4. Nc3 Qd8 5. Bc4 Nc6 6. h3 e5 7. d3 Nf6 8.
O-O Bd6 9. Bg5 h6 10. Bh4 Be7 11. Re1 Nd7 12. Bg3 Bf6 13. Nd5 O-O 14. Nxf6+
Qxf6 15. Bh4 Qg6 16. Bb5 Re8 17. Bg3 f6 18. Nh4 Qh7 19. Qh5 Rf8 20. Bc4+ Kh8
21. Ng6+ Qxg6 22. Qxg6 Nb6 23. Qe4 Nd4 24. Rac1 Rb8 25. c3 Bf5 26. Qe3 Nxc4
27. dxc4 Nc2 28. Rxc2 Bxc2 29. Qxc5 a6 30. Rc1 Bg6 31. Qb6 Rbc8 32. Bxe5
fxe5 33. Qxg6 Rxc4 34. Re1 Rc6 35. Qh5 Rcf6 36. Rxe5 Kh7 37. f3 Rd6 38. Re7
Rd1+ 39. Kh2 Rd2 40. Rxb7 Rfd8 41. Qg4 a5 42. Qxg7# {Black checkmated} 1-0

[Event "ICC tourney 3035 (30 10)"]
[Site "Internet Chess Club"]
[Date "2022.10.22"]
[Round "5"]
[White "HERREROS, STEPHEN:alekhine1031"]
[Black "ZHANG, ARI:brass60Six"]
[Result "1/2-1/2"]
[ICCResult "Game drawn by repetition"]
[WhiteElo "1568"]
[BlackElo "1350"]
[Opening "Dunst (Sleipner,Heinrichsen) opening"]
[ECO "A00"]
[NIC "VO.15"]
[Time "20:00:29"]
[PlyCount "96"]
[TimeControl "1800+10"]

1. Nc3 e5 2. d4 exd4 3. Qxd4 Nc6 4. Qe3+ Qe7 5. Nd5 Qxe3 6. Bxe3 Bd6 7.
O-O-O Nge7 8. Nc3 O-O 9. Nf3 h6 10. Nb5 Nf5 11. Bd2 a6 12. Nxd6 Nxd6 13. e3
Ne8 14. Bc3 d6 15. Bc4 Be6 16. Be2 b5 17. b3 d5 18. Nd4 Nxd4 19. Bxd4 Nd6
20. Bc5 Rfd8 21. f3 Nb7 22. Ba3 c5 23. Rd2 Rd7 24. Rhd1 Rad8 25. f4 b4 26.
Bb2 Rd6 27. g4 Na5 28. f5 Bc8 29. Bf3 Bb7 30. c4 d4 31. Bxb7 Nxb7 32. exd4
cxd4 33. Rxd4 Rxd4 34. Rxd4 Rxd4 35. Bxd4 Kf8 36. Kd2 g6 37. f6 Ke8 38. Kd3
Kd7 39. c5 Kc6 40. Kc4 a5 41. h4 Nd8 42. Be3 h5 43. g5 Ne6 44. Bf2 Nd8 45.
Be3 Ne6 46. Bf2 Nd8 47. Be3 Ne6 48. Bf2 Nd8 {Game drawn by repetition}
1/2-1/2

[Event "ICC tourney 3035 (30 10)"]
[Site "Internet Chess Club"]
[Date "2022.10.22"]
[Round "5"]
[White "Varada, Praharsh:Praharshvarada"]
[Black "ZHOU, ALEXANDER ZHENG:Lailaiking"]
[Result "0-1"]
[ICCResult "White checkmated"]
[WhiteElo "841"]
[BlackElo "1048"]
[Opening "QGD: 3...Nf6"]
[ECO "D35"]
[NIC "TD.06"]
[Time "20:00:15"]
[PlyCount "70"]
[TimeControl "1800+10"]

1. d4 d5 2. c4 Nf6 3. Nc3 e6 4. e3 c5 5. Nf3 Nc6 6. cxd5 exd5 7. Bb5 Be6 8.
Bxc6+ bxc6 9. O-O Bd6 10. dxc5 Bxc5 11. Na4 Bd6 12. Qc2 Qc7 13. Nd4 Bd7 14.
Bd2 Bxh2+ 15. Kh1 Bd6 16. Rac1 Rc8 17. Nc5 O-O 18. e4 Bxc5 19. Qxc5 Nxe4 20.
Qc2 Nxd2 21. Qxd2 Qe5 22. Rfe1 Qh5+ 23. Kg1 Qg6 24. Qa5 Bh3 25. g3 Qf6 26.
Qc3 c5 27. Nb5 d4 28. Qa3 Qc6 29. f3 Qxb5 30. g4 f5 31. Qxa7 Qxb2 32. Re2
Qxe2 33. Qf7+ Rxf7 34. Rc2 Qxc2 35. gxf5 Qg2# {White checkmated} 0-1

[Event "ICC tourney 3035 (30 10)"]
[Site "Internet Chess Club"]
[Date "2022.10.22"]
[Round "5"]
[White "JIMENEZ, LUIS A:eltuna"]
[Black "Doan Giang, Nguyen Doan:Doctorstrange04"]
[Result "0-1"]
[ICCResult "White forfeits on time"]
[WhiteElo "1447"]
[BlackElo "1763"]
[Opening "Sicilian: accelerated fianchetto, modern variation"]
[ECO "B34"]
[NIC "SI.33"]
[Time "20:00:13"]
[PlyCount "104"]
[TimeControl "1800+10"]

1. e4 c5 2. Nf3 Nc6 3. d4 cxd4 4. Nxd4 g6 5. Nc3 Bg7 6. Be3 Nf6 7. f3 O-O 8.
Qd2 d5 9. exd5 Nxd5 10. Nxc6 bxc6 11. Bd4 Nxc3 12. Bxg7 Qxd2+ 13. Kxd2 Ne4+
14. fxe4 Kxg7 15. Bc4 Kf6 16. Rhf1+ Ke5 17. Rxf7 Rxf7 18. Bxf7 Ba6 19. Ke3
Rf8 20. Bb3 Rf4 21. Re1 g5 22. Bg8 Rxe4+ 23. Kd2 Rxe1 24. Kxe1 h5 25. Kf2 c5
26. Ke3 Bb7 27. g3 Bd5 28. Bxd5 Kxd5 29. c3 e5 30. b3 e4 31. a3 a5 32. b4
cxb4 33. cxb4 a4 34. h3 g4 35. h4 Ke5 36. b5 Kd6 37. Kxe4 Kc5 38. b6 Kxb6
39. Kd4 Kb5 40. Kd5 Kb6 41. Kc4 Kc6 42. Kb4 Kd5 43. Kxa4 Ke4 44. Kb4 Kf3 45.
a4 Kxg3 46. a5 Kh2 47. a6 g3 48. a7 g2 49. a8=Q g1=Q 50. Qd8 Kh3 51. Kc3
Qc1+ 52. Kb3 Qf4 {White forfeits on time} 0-1

[Event "ICC tourney 3035 (30 10)"]
[Site "Internet Chess Club"]
[Date "2022.10.22"]
[Round "5"]
[White "SRIPADA, ANISHA:waterycargo"]
[Black "YU, VINCENT ZHIWEN:vincentyu"]
[Result "0-1"]
[ICCResult "White checkmated"]
[WhiteElo "1229"]
[BlackElo "1183"]
[Opening "Queen's pawn: London system"]
[ECO "A45"]
[NIC "QP.07"]
[Time "20:00:23"]
[PlyCount "140"]
[TimeControl "1800+10"]

1. d4 Nf6 2. Bf4 e6 3. e3 c5 4. c3 Be7 5. h3 Nc6 6. Nf3 O-O 7. Bd3 d5 8.
Nbd2 Qb6 9. Rb1 Rd8 10. O-O cxd4 11. exd4 Bd6 12. Ne5 Qc7 13. Ndf3 b6 14.
Re1 Bb7 15. Rc1 Rac8 16. Bh2 h6 17. Qe2 Re8 18. Qd2 Nd7 19. Rcd1 Ndxe5 20.
Nxe5 Nxe5 21. Bxe5 Bxe5 22. Rxe5 Qe7 23. Rde1 Qf6 24. R5e3 Qg5 25. Qd1 f5
26. Rxe6 Rxe6 27. Rxe6 Rf8 28. Qe2 Qc1+ 29. Kh2 Qf4+ 30. g3 Qg5 31. Re7 Bc8
32. Rxa7 f4 33. Qf3 h5 34. Rc7 Bf5 35. Qxd5+ Kh7 36. Bxf5+ Rxf5 37. Qf3
fxg3+ 38. Qxg3 Qf6 39. Qd3 Qd6+ 40. Kg1 Qf4 41. Qc2 Kh6 42. Rc6+ g6 43. Rxb6
Rg5+ 44. Kf1 Qf3 45. h4 Qg2+ 46. Ke2 Qg4+ 47. Kd2 Qf4+ 48. Kd3 Qf5+ 49. Kd2
Qf4+ 50. Kd1 Rg1+ 51. Ke2 Qg4+ 52. Kd3 Qf5+ 53. Kd2 Qxf2+ 54. Kd3 Rg3+ 55.
Kc4 Qxc2 56. Rb3 Qe2+ 57. Kb4 Rf3 58. a4 Qe7+ 59. Ka5 Rf5+ 60. Rb5 Qd8+ 61.
Kb4 Rxb5+ 62. Kxb5 g5 63. a5 g4 64. a6 g3 65. Kc6 g2 66. a7 Qa8+ 67. Kb6
g1=Q 68. b4 Qg6+ 69. Kb5 Qac6+ 70. Ka5 Qa6# {White checkmated} 0-1

[Event "ICC tourney 3035 (30 10)"]
[Site "Internet Chess Club"]
[Date "2022.10.22"]
[Round "5"]
[White "PU, LANDON:landonp"]
[Black "CHETLAPALLI, VISHNU:K01-30144870"]
[Result "0-1"]
[ICCResult "White resigns"]
[WhiteElo "1604"]
[BlackElo "972"]
[Opening "Sicilian: dragon variation"]
[ECO "B70"]
[NIC "SI.15"]
[Time "20:00:11"]
[PlyCount "100"]
[TimeControl "1800+10"]

1. e4 c5 2. Nf3 d6 3. d4 cxd4 4. Nxd4 Nf6 5. Nc3 g6 6. Bc4 Bg7 7. Bb3 O-O 8.
f3 Nc6 9. Be3 Bd7 10. Qd2 Rc8 11. g4 a5 12. h4 Nxd4 13. Bxd4 b5 14. h5 a4
15. Bxf6 exf6 16. Bd5 g5 17. h6 Bh8 18. Qd3 b4 19. Ne2 Qe7 20. Nd4 Qe5 21.
Kf2 f5 22. Nxf5 Bxf5 23. gxf5 Qxb2 24. Rac1 Rc3 25. Qd2 Bd4+ 26. Ke2 Be3 27.
Qxe3 Rxe3+ 28. Kxe3 Qc3+ 29. Ke2 Rc8 30. Rh5 Qf6 31. Rg1 Rxc2+ 32. Kd1 Qd4+
33. Kxc2 Qxg1 34. Kd3 Kf8 35. f6 Qg3 36. Ke2 Qf4 37. Rh1 Qxf6 38. Rc1 Qxh6
39. Rc8+ Kg7 40. Rc7 Qf6 41. Kf2 h5 42. Rb7 Qd4+ 43. Kg3 Qg1+ 44. Kh3 g4+
45. fxg4 Qxg4+ 46. Kh2 Qf4+ 47. Kh3 h4 48. Kg2 Qg3+ 49. Kh1 Qf3+ 50. Kg1 h3
{White resigns}
0-1

[Event "ICC tourney 3035 (30 10)"]
[Site "Internet Chess Club"]
[Date "2022.10.22"]
[Round "5"]
[White "BRUDNO, STEPHEN:StevChess01"]
[Black "GUTIERREZ, AUGUSTO E:elytito2017"]
[Result "0-1"]
[ICCResult "White checkmated"]
[WhiteElo "1557"]
[BlackElo "1737"]
[Opening "Dutch"]
[ECO "A80"]
[NIC "HD.12"]
[Time "20:00:13"]
[PlyCount "156"]
[TimeControl "1800+10"]

1. d4 f5 2. Nc3 d5 3. Bf4 a6 4. e3 Nf6 5. Bd3 e6 6. Nf3 Be7 7. O-O O-O 8.
Ne2 c5 9. c3 Nc6 10. Ne5 Bd7 11. Nxc6 Bxc6 12. Kh1 b5 13. Ng1 c4 14. Bc2 b4
15. Nf3 Ne4 16. Qe1 bxc3 17. bxc3 Qa5 18. Ne5 Ba4 19. Bxe4 fxe4 20. Qd2 Rab8
21. Rab1 Rxb1 22. Rxb1 Bb5 23. Bg3 g6 24. Kg1 Qd8 25. Qe2 Qe8 26. Qg4 Rf5
27. Qe2 h5 28. f4 Kh7 29. h3 Qd8 30. Be1 h4 31. Bf2 Bf6 32. Qe1 Rh5 33. Ng4
Be7 34. Ne5 Qa5 35. Qd2 Bf6 36. Ng4 Bg7 37. Ne5 Bxe5 38. fxe5 g5 39. Be1 Kg6
40. Qe2 Rh7 41. Rb2 Rf7 42. Qg4 Rf5 43. Qe2 Qa3 44. Rb1 Qf8 45. Bd2 Qf7 46.
Rf1 Ba4 47. Rxf5 exf5 48. Bc1 Qb7 49. Qb2 Qb5 50. Qxb5 axb5 51. a3 Bc2 52.
Kf2 g4 53. Kg1 g3 54. Kf1 Bd3+ 55. Ke1 Kf7 56. a4 bxa4 57. Ba3 Bc2 58. Kd2
Bd3 59. Ke1 Bb1 60. Kd2 Bd3 61. Ke1 Ke6 62. Bb4 Bb1 63. Ba3 Bd3 64. Bb4 f4
65. exf4 e3 66. Ba3 Kf5 67. Bb4 Kxf4 68. e6 Bg6 69. e7 Ke4 70. Ba3 Kd3 71.
Bc1 Bh5 72. Kf1 Kxc3 73. Ke1 Kxd4 74. Kf1 Ke4 75. Ke1 d4 76. Ba3 d3 77. Bc5
d2+ 78. Kf1 d1=Q# {White checkmated} 0-1

[Event "ICC tourney 3035 (30 10)"]
[Site "Internet Chess Club"]
[Date "2022.10.22"]
[Round "5"]
[White "Mason, Mike W:MikeWMason"]
[Black "DU, CALVIN:TheOrcaPro"]
[Result "1-0"]
[ICCResult "Black resigns"]
[WhiteElo "1506"]
[BlackElo "1724"]
[Opening "French: King's Indian attack"]
[ECO "C00"]
[NIC "FR.02"]
[Time "20:00:41"]
[PlyCount "191"]
[TimeControl "1800+10"]

1. e4 e6 2. d3 d5 3. Nd2 c5 4. Ngf3 Nf6 5. g3 b6 6. Bg2 Bb7 7. O-O Be7 8.
Re1 O-O 9. c3 Nc6 10. Qc2 Qc7 11. Nf1 Rad8 12. e5 Nd7 13. Bf4 Rc8 14. h4 b5
15. h5 h6 16. N1h2 d4 17. Ng4 Kh7 18. Rac1 Qb6 19. Nd2 Ncb8 20. Ne4 Bd5 21.
Qd2 f5 22. exf6 Nxf6 23. Nexf6+ Bxf6 24. Nxf6+ Rxf6 25. Bxd5 exd5 26. cxd4
c4 27. Be5 Rf3 28. Re3 Rcf8 29. Rxf3 Rxf3 30. Qe2 Rxd3 31. Rc3 Rxc3 32. bxc3
Nd7 33. Bxg7 Qd6 34. Be5 Qe6 35. Qc2+ Kg8 36. Bf4 Kg7 37. Qd2 a5 38. Qe3
Qxe3 39. Bxe3 b4 40. cxb4 axb4 41. Kf1 Nb6 42. Ke2 b3 43. axb3 cxb3 44. Kd3
Nc4 45. Kc3 b2 46. Kc2 Kh7 47. Bf4 Kg7 48. Be5+ Kf7 49. f3 Ke6 50. Bg7 Ne3+
51. Kxb2 Nf5 52. Be5 Ne3 53. Kb3 Nf1 54. Kb4 Nd2 55. Kc5 Nxf3 56. Bg7 Nd2
57. Kc6 Ne4 58. g4 Nf2 59. Bxh6 Nxg4 60. Bd2 Nf6 61. h6 Nh7 62. Ba5 Nf6 63.
Bd8 Nh7 64. Bh4 Nf8 65. Bg3 Nh7 66. Bd6 Nf6 67. Be5 Nh7 68. Kc7 Ke7 69. Bg7
Ng5 70. Kc6 Ke6 71. Bf8 Nh7 72. Bd6 Nf6 73. Bf4 Nh7 74. Kc5 Nf6 75. Kb4 Kf5
76. Bc1 Ke6 77. Bg5 Nh7 78. Bh4 Nf8 79. Kc3 Kf5 80. Be7 Nh7 81. Kd3 Ke6 82.
Bh4 Kf5 83. Ke3 Kg4 84. Be7 Kf5 85. Kf3 Ke6 86. Bd8 Kf5 87. Be7 Ke6 88. Bd8
Nf8 89. Kg4 Nh7 90. Bh4 Nf8 91. Kg5 Kf7 92. Kf5 Nd7 93. Bd8 Kg8 94. Ke6 Nf8+
95. Kxd5 Kh7 96. Bg5 {Black resigns} 1-0